 Dungeon Crawl Stone Soup version 0.27-a0-1248-g57ac2eb73c (webtiles) character file.

Game seed: 16335211006836766519

63 EiAlmux the Conjurer (level 3, 0/19 HPs)
             Began as a Deep Elf Conjurer on June 10, 2021.
             Slain by a gnoll
             ... wielding a +0 whip
              (7 damage)
             ... on level 2 of the Dungeon.
             The game lasted 00:04:45 (1597 turns).

EiAlmux the Conjurer (Deep Elf Conjurer)            Turns: 1597, Time: 00:04:46

Health: 0/19       AC:  2    Str:  5    XL:     3   Next: 87%
Magic:  1/10       EV: 12    Int: 22    God:
Gold:   61         SH:  0    Dex: 13    Spells: 6/9 levels left

rFire    . . .     SeeInvis .   c - +0 dagger
rCold    . . .     Faith    .   (no shield)
rNeg     . . .     Spirit   .   a - +0 robe
rPois    .         Reflect  .   (no helmet)
rElec    .         Harm     .   (no cloak)
rCorr    .         Rampage  .   (no gloves)
Will     .....                  (no boots)
Stlth    ++........             (no amulet)
HPRegen  0.06/turn              (no ring)
MPRegen  0.12/turn              (no ring)

@: no status effects
A: no striking features
a: no special abilities


You were on level 2 of the Dungeon.
You visited 1 branch of the dungeon, and saw 2 of its levels.

You collected 61 gold pieces.

Inventory:

Hand Weapons
 c - a +0 dagger (weapon)
 i - a +0 mace of holy wrath
Armour
 a - a +0 robe (worn)
Scrolls
 b - a scroll of enchant armour {unknown}
 e - a scroll of noise {unknown}
 f - 2 scrolls of immolation {unknown}
 g - a scroll of fear {unknown}
 h - a scroll of amnesia {unknown}
Potions
 d - a potion of invisibility {unknown}


   Skills:
 - Level 2.4 Dodging
 + Level 3.4 Stealth
 + Level 3.9 Spellcasting
 + Level 4.8 Conjurations
 + Level 2.1 Hexes


You had 6 spell levels left.
You knew the following spells:

 Your Spells              Type           Power      Damage    Failure   Level
a - Magic Dart            Conj           100%       1d8       1%          1
b - Searing Ray           Conj           50%        3d5       2%          2

Your spell library contained the following spells:

 Spells                   Type           Power      Damage    Failure   Level
 Dazzling Flash           Conj/Hex       38%        N/A       9%          3
 Beastly Appendage        Tmut           8%         N/A       12%         1
 Wereblood                Tmut           4%         N/A       17%         2
 Fulminant Prism          Conj/Hex       9%         3d7       26%         4
 Spider Form              Tmut/Pois      2%         N/A       34%         3
 Iskenderun's Mystic Bla  Conj/Tloc      15%        2d5       38%         4
 Ice Form                 Ice/Tmut       4%         N/A       75%         4


Dungeon Overview and Level Annotations

Branches:
Dungeon (2/15)

Altars:


Message History

The gnoll is moderately wounded.
Casting: Magic Dart (safe; 1% risk of failure)
Confirm with . or Enter, or press ? or * to list all spells.
Aiming: Searing Ray (safe; 2% risk of failure)
Press: ? - help, Shift-Dir - straight line, f/p - gnoll
Aim: a gnoll, wielding a +0 whip (moderately wounded, 82% to hit)
The searing ray misses the gnoll. (Press . to maintain the ray.)
A gnoll is nearby!
The magic dart hits the gnoll.
The gnoll is heavily wounded.
The gnoll hits you with a +0 whip.
You hit the gnoll.
The gnoll is heavily wounded.
The gnoll hits you with a +0 whip.
You hit the gnoll but do no damage.
The gnoll is heavily wounded.
The gnoll closely misses you.
You see here a bat corpse.
Casting: Magic Dart (safe; 1% risk of failure)
Confirm with . or Enter, or press ? or * to list all spells.
Aiming: Magic Dart (safe; 1% risk of failure)
Press: ? - help, Shift-Dir - straight line, f/p - gnoll
Aim: a gnoll, wielding a +0 whip (heavily wounded, 100% to hit)
The magic dart hits the gnoll.
The gnoll is severely wounded.
The gnoll misses you.
You hit the gnoll but do no damage.
The gnoll is severely wounded.
The gnoll misses you.
You barely miss the gnoll.
The gnoll is severely wounded.
The gnoll hits you with a +0 whip.
You barely miss the gnoll.
The gnoll is severely wounded.
The gnoll hits you with a +0 whip.
A ball python comes into view.
The gnoll closely misses you. The gnoll hits you with a +0 whip!
You die...

... .. ..#.# #.#
.....! .....
#.##.#.#.#.# #
#.#........ #.
#.##.#.#.#.#
#.######.#..†..)...
#.........#.#.#.#<#
#.....g@>.†.†......
#.........#.#.#.#.#
#...........###
S......)....<###
..##.........# #
########.## #.# #.#
..#


You could see a gnoll.

Vanquished Creatures
  A gnoll (D:2)
  An adder (D:2)
  2 dart slugs (D:1)
  A bat (D:2)
  4 endoplasms (D:1)
  2 giant cockroaches (D:1)
  4 goblins (D:1)
  2 hobgoblins (D:1)
  11 jackals
  A kobold (D:1)
  A quokka (D:2)
  3 ball pythons (D:1)
33 creatures vanquished.

Vanquished Creatures (others)
  A withered plant (D:2)
1 creature vanquished.

Grand Total: 34 creatures vanquished

Notes
Turn   | Place    | Note
-------+----------+-------------------------------------------
     0 | D:1      | EiAlmux the Deep Elf Conjurer began the quest for the Orb.
     0 | D:1      | Reached XP level 1. HP: 10/10 MP: 6/6
   186 | D:1      | Reached skill level 1 in Hexes
   186 | D:1      | Reached XP level 2. HP: 15/15 MP: 5/8
   497 | D:1      | Learned a level 2 spell: Searing Ray
   807 | D:1      | Reached XP level 3. HP: 8/19 MP: 1/10
  1597 | D:2      | Slain by a gnoll

Illustrated notes

Levels and vault maps discovered:
D:1:      nicolae_arrival_memento_mori, layout_loops_cross,
          minmay_misc_feat_secret_circle
D:2:      layout_basic, basic_altar, serial_undead, serial_undead_b,
          serial_undead_e, serial_undead_c, serial_undead_c, serial_undead_b,
          serial_undead_d, st_stairs_9, minmay_tall_x, uniq_sigmund

Skill      XL: |  1  2  3 |
---------------+----------+-----
Hexes          | 1 2 |  2.1
Stealth        | 3 |  3.4
Dodging        | |  2.4
Spellcasting   | |  3.9
Conjurations   | |  4.8

Action                   || total
-------------------------++-------
Melee: Unarmed           ||     7
       Dagger            ||    15
 Cast: Magic Dart        ||    75
       Searing Ray       ||     2
Armor: Robe              ||     8
Dodge: Dodged            ||    24

Table legend: (Time is in decaauts)
 A = Elapsed time spent in this place.
 B = Non-inter-level travel time spent in this place.
 C = Inter-level travel time spent in this place.
 D = Time resting spent in this place.
 E = Time spent auto-exploring this place.
 F = Levels seen in this place.
 G = Mean time per level.
                   A        B        C        D        E       F      G
               +--------+--------+--------+--------+--------+-----+--------+
         Total |   1596 |   1562 |     34 |      0 |   1356 |   2 |  798.0 |
       Dungeon |   1596 |   1562 |     34 |      0 |   1356 |   2 |  798.0 |
               +--------+--------+--------+--------+--------+-----+--------+

Top non-repeatable levels by time:
     D:1: 1502 daAuts
     D:2: 93 daAuts
